 Dungeon Crawl Stone Soup version 0.19.1 (webtiles) character file.

2772 kae the Carver (level 10, -3/79 HPs)
             Began as a Formicid Fighter on Dec 15, 2016.
             Was an Initiate of Okawaru.
             Slain by an orc warrior
             ... wielding a cursed -3 dire flail
              (21 damage)
             ... on level 6 of the Dungeon.
             The game lasted 00:11:51 (7318 turns).

kae the Carver (Formicid Fighter)                   Turns: 7318, Time: 00:11:51

Health: -3/79      AC: 11    Str: 24    XL:     10   Next: 1%
Magic:  10/10      EV:  9    Int:  8    God:    Okawaru [......]
Gold:   466        SH: 11    Dex: 10    Spells: 0 memorised, 9 levels left

rFire  . . .     SeeInvis +     a - +0 long sword
rCold  . . .     Gourm    .     l - +0 scale mail {rPois}
rNeg   . . .     Faith    .     c - +0 shield
rPois  +         Spirit   .     (helmet unavailable)
rElec  .         Reflect  .     q - +1 cloak
rCorr  .         Harm     .     i - +0 pair of gloves
MR     ++...                    (no boots)
Stlth  ..........               (no amulet)
                                (no ring)
                                (no ring)

@: no status effects
A: permanent stasis, dig shafts and tunnels, four strong arms, antennae 3, magic
resistance 1, regeneration 1
a: Dig, Shaft Self, Renounce Religion


You were on level 6 of the Dungeon.
You worshipped Okawaru.
Okawaru was noncommittal.
You were hungry.

You visited 2 branches of the dungeon, and saw 8 of its levels.

You collected 466 gold pieces.

Inventory:

Hand Weapons
 a - a +0 long sword (weapon)
Missiles
 h - a throwing net (quivered)
Armour
 c - a +0 shield (worn)
 i - a +0 pair of gloves (worn)
 l - a +0 scale mail of poison resistance (worn)
 q - a +1 cloak (worn)
 t - a +0 scale mail of fire resistance
Wands
 b - a wand of iceblast (8/15)
Scrolls
 e - 8 scrolls of remove curse
 p - 3 scrolls of enchant armour
Potions
 d - 2 potions of might
 k - 2 potions of flight
 n - a potion of mutation {unknown}
 u - a potion of brilliance
 v - a potion of curing
 w - a potion of haste {unknown}
 x - 2 potions of lignification
 z - a potion of agility
Books
 g - a book of Misfortune

   Spells                             Type                      Level
   a - Confusing Touch                Hexes                        1
   b - Confuse                        Hexes                        3
   c - Gell's Gravitas                Hexes/Translocation          3
   d - Petrify                        Transmutation/Earth          4
   e - Metabolic Englaciation         Hexes/Ice                    5
   f - Yara's Violent Unravelling     Hexes/Transmutation          5
Comestibles
 f - 6 bread rations
 m - 4 meat rations
 r - a slice of pizza
 s - 2 beef jerkies


   Skills:
 + Level 7.1 Fighting
 * Level 8.5 Long Blades
 + Level 7.1 Armour
 + Level 7.9 Shields
 + Level 0.8 Invocations


You had 9 spell levels left.
You didn't know any spells.

Dungeon Overview and Level Annotations

Branches:
Dungeon (7/15)             Temple (1/1) D:7

Altars:
Ashenzari
Cheibriados
Dithmenos
Elyvilon
Fedhas
Hepliaklqana
Kikubaaqudgha
Makhleb
Nemelex Xobeh
Okawaru
Qazlal
Ru
Sif Muna
Trog
Uskayaw
Vehumet
Xom
Yredelemnul
Zin
The Shining One

Annotations:
D:2 exclusion: oklob plant


Innate Abilities, Weirdness & Mutations

You are under a permanent stasis effect.
You can dig through walls and to a lower floor.
Your four strong arms can wield two-handed weapons with a shield.
You have a pair of large antennae on your head. (SInv)
You are resistant to hostile enchantments. (MR+)
Your natural rate of healing is unusually fast.


Message History

The orc priest invokes the aid of Beogh against you.
Beogh smites you!
* * * LOW HITPOINT WARNING * * *
There is a stone staircase leading up here.
You block the orc warrior's attack.
You climb upwards.
There is a stone staircase leading down here.
Okay, then.
You feel better. You block the orc warrior's attack.
You hit the orc warrior but do no damage.
The orc warrior is severely wounded.
The orc warrior barely misses you.
You hit the orc warrior.
The orc warrior is severely wounded.
The orc warrior hits you with a dire flail!
* * * LOW HITPOINT WARNING * * *
You hit the orc warrior but do no damage.
The orc warrior is severely wounded.
The orc warrior hits you with a dire flail!!
You die...

#### ...# ...#
...# ...# ...#
...###############
...............o@#
...##########.####
...#### #.#
......# ### #.#
###.#.###.###.#
###...#.......#
.....##.#..####
..##.##.#.(..#
..##....#.##.#


You could see an orc warrior.

Vanquished Creatures
  Pikel (D:6)
  The ghost of Philosophy the Shield-Bearer, a novice FoFi of Hepliaklqana (D:4)
  Grinder (D:6)
  Edmund (D:5)
  An orc warrior (D:7)
  A phantom (D:5)
  A sky beast (D:7)
  4 slaves (D:6)
  2 ogres
  A big kobold (D:7)
  A centaur (D:7)
  2 bullfrogs (D:6)
  A scorpion (D:5)
  A howler monkey (D:5)
  2 crimson imps
  2 hounds
  4 jellies
  A centaur zombie (D:6)
  A gnoll shaman (D:4)
  4 orc wizards
  An orc priest (D:6)
  Jessica (D:2)
  Natasha (twice) (D:2)
  7 worker ants
  5 gnolls (D:4)
  A worker ant zombie (D:5)
  A howler monkey skeleton (D:4)
  5 adders
  2 shadow imps
  An ooze (D:7)
  3 worms
  5 dart slugs
  10 leopard geckos
  21 orcs
  2 ball pythons
  11 bats
  4 giant cockroaches
  7 goblins
  12 hobgoblins
  An iguana (D:4)
  10 frilled lizards
  16 kobolds
  A quokka zombie (D:5)
  6 rats
168 creatures vanquished.

Vanquished Creatures (others)
  A human (D:7)
  An adder skeleton (D:6)
  2 kobolds (D:2)
4 creatures vanquished.

Grand Total: 172 creatures vanquished

Notes
Turn   | Place    | Note
-------+----------+-------------------------------------------
     0 | D:1      | kae the Formicid Fighter began the quest for the Orb.
     0 | D:1      | Reached XP level 1. HP: 18/18 MP: 1/1
   125 | D:1      | Reached XP level 2. HP: 2/24 MP: 2/2
   600 | D:1      | Reached XP level 3. HP: 23/29 MP: 3/3
   833 | D:2      | Found a white marble altar of Elyvilon.
   849 | D:2      | Reached XP level 4. HP: 20/37 MP: 4/4
  1102 | D:2      | Noticed Jessica
  1107 | D:2      | Killed Jessica
  1107 | D:2      | Reached skill level 3 in Long Blades
  1438 | D:2      | Found a radiant altar of Vehumet.
  1441 | D:2      | Found a stormy altar of Qazlal.
  1444 | D:2      | Found a bloodstained altar of Trog.
  1504 | D:2      | Noticed Natasha
  1516 | D:2      | Killed Natasha
  1516 | D:2      | Reached XP level 5. HP: 35/42 MP: 5/5
  1527 | D:2      | Noticed Natasha
  1536 | D:2      | Killed Natasha
  1874 | D:2      | Found a blossoming altar of Fedhas.
  1892 | D:2      | Noticed an oklob plant
  2412 | D:3      | Found a faded altar of an unknown god.
  2443 | D:3      | Reached XP level 6. HP: 48/48 MP: 6/6
  2534 | D:3      | Found a glowing golden altar of the Shining One.
  2567 | D:3      | Reached skill level 4 in Long Blades
  2747 | D:4      | Noticed Philosophy's ghost (novice FoFi)
  2839 | D:4      | Noticed an orc warrior
  2937 | D:2      | You fall through a shaft!
  4087 | D:4      | Killed Philosophy's ghost
  4087 | D:4      | Reached skill level 5 in Long Blades
  4087 | D:4      | Reached skill level 5 in Armour
  4087 | D:4      | Reached skill level 5 in Shields
  4087 | D:4      | Reached XP level 7. HP: 36/55 MP: 7/7
  4211 | D:4      | Found a hide-covered altar of Uskayaw.
  4239 | D:4      | Reached skill level 5 in Fighting
  4776 | D:4      | Reached XP level 8. HP: 51/62 MP: 8/8
  5009 | D:4      | Found a shimmering altar of Xom.
  5155 | D:5      | Entered Level 5 of the Dungeon
  5169 | D:5      | Reached skill level 6 in Long Blades
  5392 | D:5      | Gained mutation: Your natural rate of healing is unusually fast. [potion of beneficial mutation]
  5393 | D:5      | Gained mutation: You are resistant to hostile enchantments. (MR+) [potion of beneficial mutation]
  5604 | D:5      | Found a deep blue altar of Sif Muna.
  5788 | D:6      | Noticed Edmund
  5875 | D:6      | Noticed Pikel
  5876 | D:6      | Noticed Grinder
  5919 | D:6      | Killed Pikel
  5919 | D:6      | Reached skill level 7 in Long Blades
  5919 | D:6      | Reached XP level 9. HP: 47/69 MP: 9/9
  5927 | D:6      | Killed Grinder
  6037 | D:6      | Reached skill level 8 in Long Blades
  6518 | D:5      | Killed Edmund
  6983 | D:7      | Found a staircase to the Ecumenical Temple.
  6993 | Temple   | Entered the Ecumenical Temple
  7029 | Temple   | Became a worshipper of Warmaster Okawaru
  7123 | D:7      | Found an ancient bone altar of Kikubaaqudgha.
  7280 | D:7      | Reached XP level 10. HP: 54/79 MP: 10/10
  7318 | D:6      | Slain by an orc warrior

Skill      XL: |  1  2  3  4  5  6  7  8  9 |
---------------+----------------------------+-----
Shields        | 4 5 6 7 |  7.9
Long Blades    | 3 5 7 8 |  8.5
Armour         | 4 5 6 7 |  7.1
Fighting       | 4 5 6 7 |  7.1
Invocations    | |  0.8

Action                   |  1- 3 |  4- 6 |  7- 9 | 10-12 || total
-------------------------+-------+-------+-------+-------++-------
Melee: Long sword        |   114 |   262 |   475 |     7 ||   858
 Abil: Dig               |     1 |     6 |    10 |       ||    17
       Shaft Self        |       |     1 |       |       ||     1
  Use: Scroll            |       |     9 |     8 |       ||    17
       Potion            |       |       |     2 |     1 ||     3
 Stab: Distracted        |       |       |     1 |       ||     1
  Eat: Chunk             |       |    11 |    13 |       ||    24
Armor: Scale mail        |    49 |   101 |   125 |       ||   275
Dodge: Dodged            |    37 |    82 |   137 |     1 ||   257
Block: Shield            |    59 |   149 |   203 |     3 ||   414
       Rpst.: Long sword |    11 |    21 |    46 |       ||    78
